 Dungeon Crawl Stone Soup version 0.28.0 (webtiles) character file.

Game seed: 1776027093060320939

155 fragbeetle the Chopper (level 5, -6/45 HPs)
             Began as a Hill Orc Fighter on Feb 10, 2022.
             Mangled by a bullfrog (7 damage)
             ... in a sewer.
             The game lasted 00:04:02 (2880 turns).

fragbeetle the Chopper (Hill Orc Fighter)           Turns: 2880, Time: 00:04:02

Health: -6/45      AC:  6    Str: 21    XL:     5   Next: 37%
Magic:  0/5        EV:  9    Int:  8    God:
Gold:   95         SH:  4    Dex: 10    Spells: 4/4 levels left

rFire   . . .      SeeInvis .   a - +0 war axe
rCold   . . .      Faith    .   c - +0 buckler
rNeg    . . .      Spirit   +   b - +0 scale mail
rPois   .          Reflect  .   (no helmet)
rElec   .          Harm     .   (no cloak)
rCorr   .          Rampage  .   (no gloves)
Will    .....                   (no boots)
Stlth   ..........              j - amulet of guardian spirit
HPRegen 0.15/turn               (no ring)
MPRegen 0.09/turn               (no ring)

@: mighty
A: no striking features
a: no special abilities


You were in a sewer.
You visited 1 branch of the dungeon, and saw 3 of its levels.
You also visited: Sewer.

You collected 95 gold pieces.

Inventory:

Hand Weapons
 a - a +0 war axe (weapon)
Missiles
 i - 29 sling bullets
Armour
 b - a +0 scale mail (worn)
 c - a +0 buckler (worn)
Jewellery
 j - an amulet of guardian spirit (around neck)
Scrolls
 e - 2 scrolls of identify {unknown}
 g - a scroll of holy word {unknown}
 h - a scroll of noise {unknown}
Potions
 f - a potion of curing {unknown}
 k - a potion of heal wounds {unknown}


   Skills:
 - Level 3.6 Fighting
 * Level 7.2 Axes
 - Level 3.2 Armour
 - Level 3.2 Shields


You had 4 spell levels left.
You didn't know any spells.
Your spell library was empty.

Dungeon Overview and Level Annotations

Branches:
Dungeon (3/15)              Sewer (1/1)

Altars:


Message History

You enter the shallow water.
Moving in this stuff is going to be slow.
The bullfrog hits you. The bullfrog closely misses you. The bullfrog hits you.
The bullfrog hits you but does no damage.
The bullfrog barely misses you.
You closely miss the bullfrog.
The bullfrog is lightly wounded.
You hit the bullfrog. The bullfrog barely misses you. x2
The bullfrog hits you. The bullfrog closely misses you.
You closely miss the bullfrog.
The bullfrog is moderately wounded.
You barely miss the bullfrog. You block the bullfrog's attack.
The bullfrog hits you but does no damage. x2
You slash the bullfrog!
The bullfrog is almost dead.
You barely miss the bullfrog. The bullfrog hits you.
* * * LOW HITPOINT WARNING * * *
You block the bullfrog's attack. The bullfrog barely misses you.
The bullfrog completely misses you.
You closely miss the bullfrog.
The bullfrog is severely wounded.
You slash the bullfrog!
The bullfrog hits you but does no damage.
The bullfrog hits you.
* * * LOW HITPOINT WARNING * * *
The bullfrog hits you.
* * * LOW HITPOINT WARNING * * *
The bullfrog hits you.
* * * LOW HITPOINT WARNING * * *
You feel very mighty all of a sudden. The bullfrog barely misses you.
You block the bullfrog's attack. The bullfrog barely misses you.
Unknown command.
You barely miss the bullfrog.
The bullfrog is severely wounded.
You slash the bullfrog! The bullfrog hits you.
* * * LOW HITPOINT WARNING * * *
You block the bullfrog's attack. The bullfrog hits you!
You die...

≈≈.≈###≈≈..≈≈≈≈≈≈≈≈≈###≈≈≈≈##
≈.≈##≈.≈≈≈#######≈≈≈≈≈##≈≈≈.#
.†##≈≈≈†###≈≈≈≈≈###≈.≈≈##≈.≈##
≈≈#≈.≈≈##≈≈≈≈≈≈≈≈≈##≈≈≈≈#≈..≈#
.##≈≈≈##≈≈≈≈≈≈..≈.≈##.≈.##≈≈.##
≈#≈.≈.# ≈≈≈≈.()).≈≈≈#≈≈≈≈#≈≈..#
≈#≈≈≈†# .≈≈.≈.|!?.≈≈#≈≈≈≈#≈≈.∩#
≈#≈≈..# ≈.≈≈≈≈≈F≈≈.≈#≈≈≈≈#≈≈≈.#
≈##≈.≈##≈≈.≈≈..F@≈≈≈#≈≈≈##≈≈≈##
.≈#≈.≈≈##≈≈≈.≈≈≈...≈#≈≈†#≈≈..#
≈≈##.≈≈.###≈≈.≈≈#††##≈.##≈≈.##
≈≈≈##≈.≈.≈#######.≈#≈≈##≈.≈≈#
≈...###≈≈≈≈≈.≈≈..≈##≈†#≈≈≈.##
#≈.≈.≈####≈≈≈≈....#≈.≈≈≈≈≈##
##≈≈≈≈≈≈≈#≈∩≈#######.≈.####
#####≈≈.≈#####≈≈≈†.#≈.##
#∩≈≈####≈≈≈≈≈≈≈≈≈≈≈####


You could see 2 bullfrogs.

Vanquished Creatures
  2 adders
  3 worms
  7 dart slugs
  10 ball pythons
  18 endoplasms
  11 giant cockroaches
  4 goblins
  6 hobgoblins
  10 quokkas
  4 bats
  11 frilled lizards
  6 kobolds
  15 rats
107 creatures vanquished.

Vanquished Creatures (others)
  8 plants (D:2)
8 creatures vanquished.

Grand Total: 115 creatures vanquished

Notes
Turn   | Place    | Note
-------+----------+-------------------------------------------
     0 | D:1      | fragbeetle the Hill Orc Fighter began the quest for the
                  | Orb.
     0 | D:1      | Reached XP level 1. HP: 19/19 MP: 1/1
   137 | D:1      | Reached skill level 3 in Axes
   223 | D:1      | Found a faded altar of an unknown god.
   239 | D:1      | Reached XP level 2. HP: 25/26 MP: 2/2
   264 | D:1      | Reached skill level 4 in Axes
   515 | D:1      | Reached XP level 3. HP: 31/31 MP: 3/3
   851 | D:1      | Reached skill level 5 in Axes
  1273 | D:2      | Reached XP level 4. HP: 39/39 MP: 4/4
  1811 | D:2      | Reached skill level 6 in Axes
  2482 | D:3      | Found a glowing drain.
  2512 | Sewer    | Entered a sewer
  2659 | Sewer    | Reached XP level 5. HP: 44/45 MP: 5/5
  2759 | Sewer    | Reached skill level 7 in Axes
  2880 | Sewer    | HP: 1/45 [bullfrog (3)]
  2880 | Sewer    | Mangled by a bullfrog

Illustrated notes

Levels and vault maps discovered:
D:1:      saegor_arrival_simple_e, layout_basic, shapermc_ecumenical_altar_venn
D:2:      layout_loops_corners, serial_forest, infiniplex_forest_end_2,
          infiniplex_forest_lined_3_way, infiniplex_forest_lined_room_,
          infiniplex_forest_clump_double, infiniplex_forest_zigzag_2,
          infiniplex_forest_lined_room_3, kennysheep_generic_room_5
D:3:      layout_basic, portal_sewer_entry_b, uniq_sigmund
Sewer:    sewer_frog_island_02

Skill      XL: |  1  2  3  4  5 |
---------------+----------------+-----
Axes           | 3 4 5 6 7 |  7.2
Fighting       | |  3.6
Armour         | |  3.2
Shields        | |  3.2

Action                   |  1- 3 |  4- 6 || total
-------------------------+-------+-------++-------
Melee: War axe           |   104 |   170 ||   274
  Use: Potion            |       |     1 ||     1
Armor: Scale mail        |    50 |    56 ||   106
Dodge: Dodged            |    47 |    78 ||   125
Block: Buckler           |    27 |    29 ||    56
